 Dungeon Crawl Stone Soup version 0.21.1-1-g345015f (webtiles) character file.

2332 diana the Fighter (level 9, -4/81 HPs)
             Began as a Minotaur Fighter on June 8, 2018.
             Was an Initiate of Gozag.
             Slain by a two-headed ogre
             ... wielding a +0 giant club
              (7 damage)
             ... on level 7 of the Dungeon.
             The game lasted 00:08:55 (5923 turns).

diana the Fighter (Minotaur Fighter)                Turns: 5923, Time: 00:08:57

Health: -4/81      AC:  8    Str: 24    XL:     9   Next: 19%
Magic:  0/8        EV: 10    Int:  5    God:    Gozag
Gold:   136        SH: 11    Dex: 10    Spells: 8/8 levels left

rFire    + . .     SeeInvis .   a - +0 war axe
rCold    x . .     Gourm    .   c - +0 shield
rNeg     . . .     Faith    .   b - +0 scale mail
rPois    .         Spirit   +   (helmet restricted)
rElec    .         Reflect  .   (no cloak)
rCorr    .         Harm     .   (no gloves)
MR       .....                  (no boots)
Stlth    ..........             u - amulet of guardian spirit
HPRegen  0.23/turn              n - +3 ring of slaying
MPRegen  0.11/turn              d - ring of fire

@: no status effects
A: retaliatory headbutt, horns 2
a: Potion Petition, Call Merchant, Bribe Branch, Renounce Religion


You were on level 7 of the Dungeon.
You worshipped Gozag.
Gozag was aware of your devotion.
You were hungry.

You visited 2 branches of the dungeon, and saw 9 of its levels.

You collected 689 gold pieces.
You spent 450 gold pieces at shops.
You paid 103 gold pieces to Gozag.

Inventory:

Hand Weapons
 a - a +0 war axe (weapon)
Armour
 b - a +0 scale mail (worn)
 c - a +0 shield (worn)
Jewellery
 d - a ring of fire (right hand)
 n - a +3 ring of slaying (left hand)
 u - an amulet of guardian spirit (around neck)
Wands
 y - a wand of enslavement (10)
Scrolls
 e - 5 scrolls of remove curse
 g - a scroll of magic mapping {unknown}
 h - 2 scrolls of enchant armour {unknown}
 i - 3 scrolls of identify
 k - 2 scrolls of fog {unknown}
 l - a scroll of blinking {unknown}
 m - 2 scrolls of enchant weapon {unknown}
 p - 5 scrolls of teleportation {unknown}
 x - a scroll of noise {unknown}
 A - a scroll of immolation {unknown}
 B - 4 scrolls of fear {unknown}
Potions
 j - 2 potions of heal wounds
 o - 2 potions of lignification {unknown}
 q - 2 potions of brilliance {unknown}
 r - 6 potions of curing {unknown}
 s - a potion of magic {unknown}
 w - a potion of invisibility
 z - a potion of ambrosia {unknown}
Books
 t - a book of Callings

   Spells                             Type                      Level
   a - Summon Small Mammal            Summoning                    1
   b - Call Imp                       Summoning                    2
   c - Call Canine Familiar           Summoning                    3
   d - Summon Guardian Golem          Hexes/Summoning              3
   e - Summon Lightning Spire         Summoning/Air                4
   f - Summon Ice Beast               Ice/Summoning                4
 v - a book of Maledictions

   Spells                             Type                      Level
   a - Corona                         Hexes                        1
   b - Ensorcelled Hibernation        Hexes/Ice                    2
   c - Confuse                        Hexes                        3
   d - Tukima's Dance                 Hexes                        3
   e - Dazzling Spray                 Conjuration/Hexes            3
Comestibles
 f - 17 rations


   Skills:
 * Level 8.0 Fighting
 * Level 7.5 Axes
 * Level 8.0 Armour
 + Level 3.2 Dodging
 * Level 8.0 Shields


You had 8 spell levels left.
You didn't know any spells.

Dungeon Overview and Level Annotations

Branches:
Dungeon (8/15)             Temple (1/1) D:4
   Lair: D:8-11

Altars:
Ashenzari
Cheibriados
Dithmenos
Elyvilon
Fedhas
Gozag
Hepliaklqana
Kikubaaqudgha
Makhleb
Nemelex Xobeh
Okawaru
Ru
Sif Muna
Trog
Uskayaw
Vehumet
Wu Jian
Xom
Yredelemnul
Zin
The Shining One

Shops:
D:4 =

Annotations:
D:6 1 runed door


Innate Abilities, Weirdness & Mutations

You reflexively headbutt those who attack you in melee.
You have a pair of horns on your head.


Message History

The two-headed ogre hits you with a giant club!!
* * * LOW HITPOINT WARNING * * *
The two-headed ogre hits you with a dire flail.
* * * LOW HITPOINT WARNING * * *
The hound misses you.
You closely miss the hound.
The hound is severely wounded.
You slash the two-headed ogre! You block the two-headed ogre's attack.
The two-headed ogre hits you with a dire flail.
* * * LOW HITPOINT WARNING * * *
The hound barely misses you.
Unknown command.
You closely miss the hound.
The hound is severely wounded.
You slash the two-headed ogre! You block the hound's attack.
The two-headed ogre hits you with a giant club.
* * * LOW HITPOINT WARNING * * *
The two-headed ogre hits you with a dire flail!
You die...
Your body crumbles into a pile of gold.

#.# #.##### ##### #.#
###.##### ##...###.#
#........ ##(###.#..##
#.#.##### #.##
##..#.######.#.# #.#
#...........#.# #.##
##..#.########.# #
##.###.#O#.# #.# ##
##...##@#.# #.# ##.
##.###h#.# #.# #.. #.#
#.#.########.###..
######.###.#..........<....
#.....<....################
#.####.#.#.# #.# #O#.#.#
#.# #.#O#.# #.# #.#.#.#


You could see a two-headed ogre and a hound.

Vanquished Creatures
  A spriggan (D:7)
  A water moccasin (D:8)
  2 sky beasts
  A phantom (D:7)
  A necrophage (D:5)
  4 ogres
  A centaur (D:5)
  Blork the orc (D:6)
  A bullfrog (D:7)
  5 scorpions
  2 killer bees (D:6)
  2 howler monkeys (D:5)
  8 crimson imps
  2 hounds
  3 orc wizards (D:4)
  5 worker ants
  A hound skeleton (D:6)
  4 gnolls (D:8)
  7 adders
  A shadow imp (D:6)
  2 oozes
  3 worms (D:5)
  3 dart slugs
  4 leopard geckos
  9 orcs
  8 bats
  8 giant cockroaches
  9 goblins
  3 hobgoblins
  8 jackals
  3 frilled lizards
  5 kobolds
  A leopard gecko skeleton (D:4)
  6 rats
125 creatures vanquished.

Notes
Turn   | Place    | Note
-------+----------+-------------------------------------------
     0 | D:1      | diana the Minotaur Fighter began the quest for the Orb.
     0 | D:1      | Reached XP level 1. HP: 19/19 MP: 0/0
    49 | D:1      | Reached XP level 2. HP: 22/27 MP: 1/1
   552 | D:2      | Reached XP level 3. HP: 30/33 MP: 2/2
   884 | D:2      | Found an ornate altar of the Wu Jian Council.
  1427 | D:3      | Reached XP level 4. HP: 41/41 MP: 3/3
  1606 | D:4      | Found Ipal's Jewellery Shop.
  1624 | D:4      | Found a staircase to the Ecumenical Temple.
  1692 | Temple   | Entered the Ecumenical Temple
  1994 | D:4      | Reached XP level 5. HP: 12/47 MP: 4/4
  2290 | D:4      | Noticed an ogre
  2365 | D:4      | Killed an ogre
  2365 | D:4      | Reached skill level 5 in Fighting
  2365 | D:4      | Reached skill level 5 in Armour
  2365 | D:4      | Reached skill level 5 in Shields
  2365 | D:4      | Reached XP level 6. HP: 45/56 MP: 5/5
  2807 | D:5      | Entered Level 5 of the Dungeon
  2853 | D:5      | Reached XP level 7. HP: 54/62 MP: 6/6
  2865 | D:5      | Reached skill level 5 in Axes
  3222 | D:5      | Found a basalt altar of Yredelemnul.
  3341 | D:5      | Found a shadowy altar of Dithmenos.
  3532 | D:6      | Noticed Blork the orc
  3544 | D:6      | Killed Blork the orc
  3544 | D:6      | Reached skill level 1 in Dodging
  4030 | D:6      | Found a deep blue altar of Sif Muna.
  4030 | D:6      | Found an opulent altar of Gozag.
  4202 | D:6      | Became a worshipper of Gozag Ym Sagoz the Greedy
  4257 | D:6      | Reached XP level 8. HP: 70/70 MP: 7/7
  4278 | D:6      | Found a runed door.
  4292 | D:6      | Found a runed door.
  5179 | D:7      | Got a heavily jewelled robe
  5199 | D:7      | Identified the cursed +1 robe of Foolhardiness {rPois Int+6} (You found it on level 7 of the Dungeon)
  5468 | D:7      | Reached XP level 9. HP: 79/79 MP: 8/8
  5707 | D:8      | Noticed a two-headed ogre
  5808 | D:4      | Bought a +3 ring of slaying for 450 gold pieces
  5917 | D:8      | Noticed a two-headed ogre
  5923 | D:7      | HP: 3/81 [two-headed ogre/giant club (3)]
  5923 | D:7      | Slain by a two-headed ogre

Skill      XL: |  1  2  3  4  5  6  7  8  9 |
---------------+----------------------------+-----
Fighting       | 4 5 6 7 8 |  8.0
Armour         | 4 5 6 7 8 |  8.0
Shields        | 4 5 6 7 8 |  8.0
Axes           | 3 4 6 7 |  7.5
Dodging        | 1 3 |  3.2

Action                   |  1- 3 |  4- 6 |  7- 9 || total
-------------------------+-------+-------+-------++-------
Melee: War axe           |   109 |    76 |   212 ||   397
       Headbutt          |    10 |    12 |    42 ||    64
  Use: Potion            |       |     2 |     3 ||     5
       Scroll            |       |       |     5 ||     5
 Stab: Invisible         |       |     4 |       ||     4
  Eat: Chunk             |     1 |     5 |     3 ||     9
       Ration            |       |       |     2 ||     2
Armor: Scale mail        |    67 |    25 |    69 ||   161
Dodge: Dodged            |    39 |    30 |    62 ||   131
Block: Shield            |    81 |    28 |   121 ||   230
